 Dungeon Crawl Stone Soup version 0.30-a0-422-g946f4849ff (webtiles) character file.

Game seed: 7583340019451072371

111 vineage the Trooper (level 4, -4/50 HPs)
             Began as an Ogre Fighter on Dec 8, 2022.
             Killed from afar by an orc wizard (11 damage)
             ... with a puff of flame
             ... on level 4 of the Dungeon.
             The game lasted 00:02:19 (2410 turns).

vineage the Trooper (Ogre Fighter)                  Turns: 2410, Time: 00:02:20

Health: -4/50      AC:  3    Str: 22    XL:     4   Next: 92%
Magic:  4/4        EV:  8    Int:  9    God:
Gold:   244        SH:  7    Dex:  8    Spells: 3/3 levels left

rFire   . . .      SeeInvis .    a - +0 flail
rCold   . . .      Faith    .    c - +0 kite shield
rNeg    . . .      Spirit   .    b - +0 robe
rPois   .          Reflect  .    (helmet restricted)
rElec   .          Harm     .    (no cloak)
rCorr   .          Rampage  .    (gloves unavailable)
Will    .....                    (boots unavailable)
Stlth   +.........               (no amulet)
HPRegen 0.28/turn                (no ring)
MPRegen 0.09/turn                (no ring)

@: no status effects
A: large, unfitting armour, tough skin 1
a: no special abilities


You were on level 4 of the Dungeon.
You visited 1 branch of the dungeon, and saw 6 of its levels.

You collected 244 gold pieces.

Inventory:

Hand Weapons
 a - a +0 flail (weapon)
Armour
 b - a +0 robe (worn)
 c - a +0 kite shield (worn)
Wands
 m - a wand of paralysis (11)
Scrolls
 f - 2 scrolls of teleportation
 i - 2 scrolls of poison
 j - 2 scrolls of identify
 o - 2 scrolls of amnesia
Potions
 d - a potion of might
 e - a potion of curing
 g - a potion of heal wounds
 h - a potion of haste {unknown}
 k - a potion of degeneration
 l - a potion of invisibility {unknown}
 n - a potion of flight {unknown}


   Skills:
 * Level 5.4 Fighting
 * Level 2.8 Maces & Flails
 + Level 3.1 Dodging
 + Level 3.4 Shields


You had 3 spell levels left.
You didn't know any spells.
Your spell library contained the following spells:

 Spells                   Type           Power      Damage    Failure   Level
 Magic Dart               Conj           0%         1d3       67%         1
 Searing Ray              Conj           0%         2d4       82%         2
 Tukima's Dance           Hex            0%         N/A       96%         3
 Fulminant Prism          Conj/Hex       0%         3d5       100%        4
 Passage of Golubria      Tloc           0%         N/A       100%        4
 Yara's Violent Unravell  Hex/Tmut       0%         3d3       100%        5


Dungeon Overview and Level Annotations

Branches:
Dungeon (6/15)
 Temple: D:4-7

Altars:
Fedhas

Shops:
D:1 *=*(


Innate Abilities, Weirdness & Mutations

You are too large for most types of armour.
You have tough skin. (AC +1)


Message History

You completely miss the orc. The orc barely misses you.
The orc hits you but does no damage.
You feel less confused.
You sock the orc!
You kill the orc!
The orc misses you.
Things that are here:
a +0 dagger; a +0 leather armour You sock the orc!
You kill the orc!
You barely miss something. Something hits you but does no damage.
Something hits you.
You barely miss something. Something hits you.
* * * LOW HITPOINT WARNING * * *
You hit something but do no damage. Something hits you.
* * * LOW HITPOINT WARNING * * *
Something hits you but does no damage.
You barely miss something. Something hits you.
* * * LOW HITPOINT WARNING * * *
You hit something. Something hits you but does no damage.
You hit something but do no damage. Something hits you but does no damage.
Something hits you.
* * * LOW HITPOINT WARNING * * *
You miss something. Something hits you.
* * * LOW HITPOINT WARNING * * *
You miss something.
You hear some strange, mumbled words.
A magic dart appears from out of thin air!
The magic dart hits you.
* * * LOW HITPOINT WARNING * * *
You feel better. Something hits you.
* * * LOW HITPOINT WARNING * * *
You miss something. Something hits you but does no damage.
You block something's attack.
You barely miss something. Something hits you but does no damage.
You sock something! Something hits you but does no damage.
You hear some strange, mumbled words.
A puff of flame appears from out of thin air!
The puff of flame hits you!
You die...

#......># #.........
#.......# #.........
#.......# #.........
#.......# #.........
#.......# #.........
#.......# #.........
#.......# #.........
#.......######.........
#.........@{o.†........
#####.....####........<
#.....# ##########
#.....#
#.....###########
#...............#
#################.#
#.....)..# #.#
#.######.# #.#


You could see an orc.

Vanquished Creatures
  A scorpion (D:5)
  3 adders
  A shadow imp (D:6)
  2 worms (D:2)
  2 dart slugs
  2 orcs (D:4)
  4 ball pythons (D:1)
  4 bats (D:1)
  3 endoplasms
  2 giant cockroaches (D:1)
  2 goblins (D:1)
  3 hobgoblins
  7 jackals
  3 kobolds
  3 quokkas
  3 frilled lizards
  2 rats
47 creatures vanquished.

Notes
Turn   | Place    | Note
-------+----------+-------------------------------------------
     0 | D:1      | vineage the Ogre Fighter began the quest for the Orb.
     0 | D:1      | Reached XP level 1. HP: 24/24 MP: 1/1
   108 | D:1      | Reached XP level 2. HP: 32/32 MP: 2/2
   194 | D:1      | Found Fuopsalo's Jewellery Shoppe.
   346 | D:1      | Found Meonerub's General Store.
   372 | D:1      | Found Bonat's Weapon Boutique.
   580 | D:1      | Reached XP level 3. HP: 38/40 MP: 3/3
   775 | D:1      | Found Osicrur's General Store.
  1876 | D:3      | You fall into a shaft and drop 3 floors!
  1898 | D:6      | Reached skill level 5 in Fighting
  1898 | D:6      | Reached XP level 4. HP: 32/50 MP: 4/4
  1996 | D:6      | Found a blossoming altar of Fedhas.
  2026 | D:5      | Entered Level 5 of the Dungeon
  2086 | D:5      | Noticed a scorpion
  2090 | D:5      | Killed a scorpion
  2406 | D:4      | HP: 2/50 [something/magic dart (6)]
  2410 | D:4      | Killed from afar by an orc wizard

Illustrated notes

Levels and vault maps discovered:
D:1:      dpeg_arrival_prison, layout_loops_cross, serial_shops, shop_statue,
          shop, shop, shop_fountains, chequers_arboretum
D:2:      layout_rooms, kennysheep_boxes
D:3:      layout_rooms, marbit_many_paths
D:4:      layout_basic, lemuel_crystal_altar, grunt_dithmenos_smoke_and_mirrors,
          nicolae_kikubaaqudgha_miasma_corner, uniq_pikel
D:5:      layout_rooms, nicolae_sif_muna_condensation, serial_shops,
          nicolae_shop_crystal, lemuel_flame_loot_1
D:6:      layout_basic, nicolae_wu_jian_glorious_leap, fedhas_altar_1,
          nicolae_ossuary_entry_monument, roderic_roman_lattice,
          lightli_church_of_beogh, uniq_sigmund

Skill      XL: |  1  2  3 |
---------------+----------+-----
Maces & Flails | 2 |  2.8
Dodging        | 3 |  3.1
Fighting       | 5 |  5.4
Shields        | |  3.4

Action                   |  1- 3 |  4- 6 || total
-------------------------+-------+-------++-------
Melee: Flail             |   132 |    48 ||   180
  Use: Scroll            |     9 |       ||     9
       Potion            |       |     1 ||     1
 Stab: Sleeping          |     1 |       ||     1
Armor: Robe              |    43 |    12 ||    55
Dodge: Dodged            |    68 |    19 ||    87
Block: Kite shield       |    54 |    13 ||    67

Table legend: (Time is in decaauts)
 A = Elapsed time spent in this place.
 B = Non-inter-level travel time spent in this place.
 C = Inter-level travel time spent in this place.
 D = Time resting spent in this place.
 E = Time spent auto-exploring this place.
 F = Levels seen in this place.
 G = Mean time per level.
                   A        B        C        D        E       F      G
               +--------+--------+--------+--------+--------+-----+--------+
         Total |   2485 |   2419 |     66 |     75 |   1897 |   6 |  414.2 |
       Dungeon |   2485 |   2419 |     66 |     75 |   1897 |   6 |  414.2 |
               +--------+--------+--------+--------+--------+-----+--------+

Top non-repeatable levels by time:
     D:1: 989 daAuts
     D:2: 810 daAuts
     D:4: 288 daAuts
     D:6: 153 daAuts
     D:3: 132 daAuts
     D:5: 110 daAuts
